 Dungeon Crawl Stone Soup version 0.26-a0-639-g72c4674329 (webtiles) character file.

Game seed: 15459627230266775094

170 Lanoc the Skirmisher (level 5, -2/50 HPs)
             Began as a Minotaur Delver on Sept 17, 2020.
             Slain by an orc priest
             ... wielding a +0 war axe
              (8 damage)
             ... on level 4 of the Dungeon.
             The game lasted 00:02:03 (739 turns).

Lanoc the Skirmisher (Minotaur Delver)               Turns: 739, Time: 00:02:03

Health: -2/50      AC:  3    Str: 17    XL:     5   Next: 25%
Magic:  4/4        EV: 13    Int:  7    God:
Gold:   9          SH:  0    Dex: 12    Spells: 4/4 levels left

rFire    . . .     SeeInvis .   a - +0 falchion
rCold    . . .     Faith    .   (no shield)
rNeg     . . .     Spirit   .   f - +0 leather armour
rPois    .         Reflect  .   (helmet restricted)
rElec    .         Harm     .   (no cloak)
rCorr    .         Rampage  .   (no gloves)
MR       .....                  (no boots)
Stlth    +.........             (no amulet)
HPRegen  0.16/turn              (no ring)
MPRegen  0.09/turn              (no ring)

@: confused
A: retaliatory headbutt, horns 2
a: no special abilities


You were on level 4 of the Dungeon.
You visited 1 branch of the dungeon, and saw 3 of its levels.

You collected 9 gold pieces.

Inventory:

Hand Weapons
 a - a +0 falchion (weapon)
 b - a +2 dagger of flaming
Armour
 f - a +0 leather armour (worn)
 i - a +0 plate armour
Wands
 g - a wand of digging (3)
Scrolls
 c - a scroll of fog
 d - a scroll of magic mapping
 e - a scroll of fear
 h - a scroll of teleportation {unknown}


   Skills:
 + Level 5.7 Fighting
 - Level 2.4 Long Blades
 + Level 4.5 Dodging
 - Level 4.1 Stealth


You had 4 spell levels left.
You didn't know any spells.
Your spell library was empty.

Dungeon Overview and Level Annotations

Branches:
Dungeon (6/15)
 Temple: D:4-7

Altars:


Innate Abilities, Weirdness & Mutations

You reflexively headbutt those who attack you in melee.
You have a pair of horns on your head.


Message History

The orc priest hits you but does no damage.
The orc hits you with a +0 club. Something hits you but does no damage.
You bump into the rock wall.
The orc priest hits you with a +0 short sword.
The orc priest barely misses you. The orc closely misses you.
Something hits you.
You completely miss the orc priest.
The orc priest is severely wounded.
The orc priest mumbles some strange prayers to Beogh against you.
Beogh smites you!
* * * LOW HITPOINT WARNING * * *
The orc priest calls upon Beogh to heal the orc priest.
The orc priest is healed somewhat.
The orc hits you but does no damage. Something hits you but does no damage.
You aren't carrying any potions.
You miss something.
The orc priest hits you with a +0 short sword.
* * * LOW HITPOINT WARNING * * *
The orc priest hits you with a +0 war axe!
You die...

#......##. #...#.. #
## #..^#.# ##.. ##.
#...#.####....# #..#
#...#.#....# #
###[..####.......####
#...#....#..>.####
#.....ooo.....#
...##{@###....#
####..## ###......
##.(..## #......
#....## #.##..#
####.....# ### #...
#####... #.. #


You could see 2 orc priests and an orc.

Vanquished Creatures
  A scorpion (D:5)
  A hound (D:6)
  An orc wizard (D:5)
  A worker ant (D:4)
  A hound skeleton (D:5)
  2 leopard geckos
  4 orcs
  A giant cockroach (D:4)
12 creatures vanquished.

Vanquished Creatures (others)
  An orc wizard (D:5)
1 creature vanquished.

Grand Total: 13 creatures vanquished

Notes
Turn   | Place    | Note
-------+----------+-------------------------------------------
     0 | D:5      | Lanoc the Minotaur Delver began the quest for the Orb.
     0 | D:5      | Reached XP level 1. HP: 19/19 MP: 0/0
     5 | D:5      | Noticed a scorpion
    35 | D:6      | Noticed a wight
    35 | D:6      | Noticed a hound
    37 | D:6      | Noticed a wight
    49 | D:6      | Killed a hound
    49 | D:6      | Reached skill level 4 in Fighting
    49 | D:6      | Reached XP level 2. HP: 18/28 MP: 1/1
    49 | D:6      | Reached XP level 3. HP: 22/34 MP: 2/2
    61 | D:5      | Killed a scorpion
    61 | D:5      | Reached skill level 5 in Fighting
    61 | D:5      | Reached XP level 4. HP: 15/42 MP: 3/3
   527 | D:5      | Reached XP level 5. HP: 38/48 MP: 4/4
   739 | D:4      | Slain by an orc priest

Illustrated notes

Levels and vault maps discovered:
D:4:      layout_rooms, sigmund_edmund_badplayer
D:5:      layout_layer_cave, minmay_crystal_room, uniq_eustachio
D:6:      layout_basic, minmay_temple_entry_purple_smoke, serial_curves,
          eino_curves_02, eino_curves_03

Skill      XL: |  1  2  3  4 |
---------------+-------------+-----
Fighting       | 4 5 |  5.7
Dodging        | 3 4 |  4.5
Long Blades    | |  2.4
Stealth        | |  4.1

Action                   |  1- 3 |  4- 6 || total
-------------------------+-------+-------++-------
Melee: Falchion          |    12 |    31 ||    43
       Headbutt          |     1 |    11 ||    12
  Use: Potion            |     1 |       ||     1
 Stab: Sleeping          |     1 |     2 ||     3
Armor: Leather armour    |     1 |    11 ||    12
Dodge: Dodged            |    13 |    15 ||    28
       Rpst.: Falchion   |     5 |     3 ||     8

Table legend: (Time is in decaauts)
 A = Elapsed time spent in this place.
 B = Non-inter-level travel time spent in this place.
 C = Inter-level travel time spent in this place.
 D = Time resting spent in this place.
 E = Time spent auto-exploring this place.
 F = Levels seen in this place.
 G = Mean time per level.
                   A        B        C        D        E       F      G
               +--------+--------+--------+--------+--------+-----+--------+
         Total |    731 |    725 |      6 |    395 |     90 |   3 |  243.7 |
       Dungeon |    731 |    725 |      6 |    395 |     90 |   3 |  243.7 |
               +--------+--------+--------+--------+--------+-----+--------+

Top non-repeatable levels by time:
     D:5: 564 daAuts
     D:4: 127 daAuts
     D:6: 39 daAuts
